 Dungeon Crawl Stone Soup version 0.20.1-1-g8b1a95d (webtiles) character file.

2393 BingusPrime the Spear-Bearer (level 9, -24/68 HPs)
             Began as a Merfolk Gladiator on Nov 27, 2017.
             Was a Follower of Dithmenos.
             Annihilated by an ogre
             ... wielding a cursed -1 giant spiked club
              (30 damage)
             ... on level 6 of the Dungeon.
             The game lasted 00:54:29 (5571 turns).

BingusPrime the Spear-Bearer (Merfolk Gladiator)    Turns: 5571, Time: 00:54:29

Health: -24/68     AC: 14    Str: 15    XL:     9   Next: 46%
Magic:  9/9        EV: 11    Int:  9    God:    Dithmenos [*.....]
Gold:   729        SH:  8    Dex: 21    Spells: 8/8 levels left

rFire    . . .     SeeInvis .   w - +6 flail (protect)
rCold    . . .     Gourm    .   D - +2 buckler
rNeg     . . .     Faith    .   x - +2 chain mail {rPois}
rPois    +         Spirit   .   c - +1 helmet
rElec    .         Reflect  .   (no cloak)
rCorr    .         Harm     .   (no gloves)
MR       .....                  I - +2 pair of boots
Stlth    ..........             U - amulet of regeneration
Regen    0.7/turn               L - +1 ring of evasion
MPRegen  0.2/turn               q - +5 ring of dexterity

@: wreathed by umbra
A: change form in water, swift swim, stealthy swim, claws 1, thin metallic
scales 1, deformed body, wild magic 1
a: Renounce Religion


You were on level 6 of the Dungeon.
You worshipped Dithmenos.
Dithmenos was aware of your devotion.
You were not hungry.

You visited 2 branches of the dungeon, and saw 7 of its levels.
You also visited: Sewer and Ossuary.

You collected 1168 gold pieces.
You paid 439 gold pieces to Gozag.

Inventory:

Hand Weapons
 a - a +0 trident
 t - a +1 dagger of protection
 w - a +6 flail of protection (weapon)
 C - a +4 rapier of holy wrath
Missiles
 d - 2 throwing nets (quivered)
Armour
 b - a +0 leather armour
 c - a +1 helmet (worn)
 u - a +0 buckler
 x - a +2 chain mail of poison resistance (worn)
 D - a +2 buckler (worn)
 I - a +2 pair of boots (worn)
Magical Staves
 k - an uncursed staff of air
Jewellery
 o - an uncursed ring of poison resistance
 q - a +5 ring of dexterity (right claw)
 v - an uncursed amulet of magic regeneration
 L - a +1 ring of evasion (left claw)
 U - an amulet of regeneration (around neck)
Wands
 h - a wand of digging (7/24)
 J - a wand of acid (6/15)
Scrolls
 e - 5 scrolls of remove curse
 l - 3 scrolls of identify
 m - a scroll of random uselessness
 s - 5 scrolls of recharging
 y - a scroll of immolation {unknown}
 z - 2 scrolls of teleportation
 K - a scroll of amnesia {unknown}
 P - a scroll of enchant armour
 T - 2 scrolls of fog {unknown}
Potions
 f - 2 potions of brilliance {unknown}
 j - a potion of curing
 n - 5 potions of flight
 p - a potion of degeneration {unknown}
 A - a potion of agility {unknown}
 E - 3 potions of magic {unknown}
 F - 2 potions of heal wounds {unknown}
 M - a potion of haste {unknown}
 N - a potion of invisibility {unknown}
 Q - 2 potions of resistance {unknown}
 R - a potion of might
 S - a potion of cancellation {unknown}
Books
 B - a book of Frost

   Spells                             Type                      Level
   a - Freeze                         Ice                          1
   b - Throw Frost                    Conjuration/Ice              2
   c - Ozocubu's Armour               Charms/Ice                   3
   d - Throw Icicle                   Conjuration/Ice              4
   e - Summon Ice Beast               Ice/Summoning                4
 H - a book of Minor Magic

   Spells                             Type                      Level
   a - Magic Dart                     Conjuration                  1
   b - Blink                          Translocation                2
   c - Call Imp                       Summoning                    2
   d - Slow                           Hexes                        2
   e - Conjure Flame                  Conjuration/Fire             3
   f - Mephitic Cloud                 Conjuration/Poison/Air       3
Comestibles
 g - 5 meat rations
 r - 2 royal jellies
 G - 4 fruits


   Skills:
 + Level 5.5 Fighting
 + Level 1.2 Short Blades
 + Level 5.6 Maces & Flails
 + Level 8.0 Polearms
 + Level 2.2 Throwing
 + Level 3.3 Armour
 + Level 6.4 Dodging
 + Level 3.1 Stealth
 + Level 3.4 Shields


You had 8 spell levels left.
You didn't know any spells.

Dungeon Overview and Level Annotations

Branches:
Dungeon (6/15)             Temple (1/1) D:5

Altars:
Ashenzari
Cheibriados
Dithmenos
Fedhas
Gozag
Hepliaklqana
Makhleb
Nemelex Xobeh
Qazlal
Trog
Vehumet
Xom
Lugonu


Innate Abilities, Weirdness & Mutations

You revert to your normal form in water.
You are very nimble and swift while swimming.
You are very stealthy in the water. (Stealth+)
You have sharp fingernails.
You are partially covered in thin metallic scales. (AC +2)
Armour fits poorly on your strangely shaped body.
Your spells are a little harder to cast, but a little more powerful.


Message History

You completely miss the ogre.
The ogre is moderately wounded.
The ogre closely misses you. You block the ogre's attack.
The ogre closely misses you. You block the ogre's attack.
The ogre rages.
The ogre hits you with a giant spiked club.
The ogre rages.
The ogre closely misses you.
The ogre hits you with a giant spiked club!!
* * * LOW HITPOINT WARNING * * *
As you read the scroll of fear, it crumbles to dust.
You assume a fearsome visage.
The ogre misses you. The ogre barely misses you. The ogre closely misses you.
You block the ogre's attack.
There is a stone staircase leading up here.
The ogre hits you with a giant spiked club!!
You die...

#..........##.#..................
#.......÷..##.#.................#
#...>......##........(...........
#..........#...................##
###.##..................#......##
#.##......##.......÷..#........
##.##.....##...........#..<...##
#..#......#....O..............##
#.##...........@.......#......#.
#.##...................#......#.
#..........................###..
##.............##.....###...# ...
#...........#..##..#### ..#......
#..###.....##..##...# # #..#.
#..# ###..###.....#... ..... #..#
##..##.#.#.###..##
#..###..##^^#...###..#


You could see an ogre (berserk).

Vanquished Creatures
  Grinder (D:4)
  Eustachio (D:4)
  A hungry ghost (D:3)
  An ice beast (D:6)
  2 phantoms
  The ghost of GatoGirl327Ga the Ruffian, an amateur DrMo (D:3)
  2 ogres
  2 centaurs
  Blork the orc (D:5)
  An elf zombie (Ossuary)
  2 scorpions
  2 crimson imps (D:5)
  A hound (D:6)
  A bullfrog zombie (D:4)
  2 human zombies (Ossuary)
  3 orc priests
  2 orc wizards
  An iguana (D:5)
  Terence (D:3)
  2 merfolk sirens (Sewer)
  3 worker ants
  A merfolk avatar (Sewer)
  4 hound zombies
  4 howler monkey zombies (D:4)
  5 mummies
  3 worker ant zombies
  8 adders
  3 river rats (Sewer)
  An ooze (D:1)
  5 adder zombies
  2 worms
  5 adder skeletons (D:4)
  A dart slug (D:4)
  4 leopard geckos
  13 orcs
  3 bats
  2 giant cockroaches
  6 goblins
  7 hobgoblins
  4 kobolds
  3 quokkas
  7 ball pythons
  A ball python skeleton (D:4)
  A ball python zombie (D:4)
  10 frilled lizards
  A giant cockroach zombie (D:4)
  2 gnoll zombies (Ossuary)
  A goblin zombie (Ossuary)
  A jackal skeleton (D:5)
  3 jackal zombies
  A kobold zombie (Ossuary)
  2 leopard gecko skeletons (D:4)
  A leopard gecko zombie (D:4)
  A quokka zombie (D:4)
  29 rats
  2 rat zombies (Ossuary)
  A butterfly (D:5)
181 creatures vanquished.

Vanquished Creatures (others)
  A worker ant (D:6)
  An adder (D:2)
2 creatures vanquished.

Grand Total: 183 creatures vanquished

Notes
Turn   | Place    | Note
-------+----------+-------------------------------------------
     0 | D:1      | BingusPrime the Merfolk Gladiator began the quest for the Orb.
     0 | D:1      | Reached XP level 1. HP: 16/16 MP: 1/1
   119 | D:1      | Reached XP level 2. HP: 17/22 MP: 2/2
   352 | D:1      | Reached skill level 5 in Polearms
   405 | D:1      | You fall through a shaft!
   484 | D:2      | Reached XP level 3. HP: 27/28 MP: 3/3
   897 | D:2      | Found a sparkling altar of Nemelex Xobeh.
   898 | D:2      | Found an opulent altar of Gozag.
  1036 | D:2      | Became a worshipper of Gozag Ym Sagoz the Greedy
  1240 | D:3      | Noticed GatoGirl327Ga's ghost (amateur DrMo)
  1261 | D:3      | Killed GatoGirl327Ga's ghost
  1261 | D:3      | Reached skill level 6 in Polearms
  1261 | D:3      | Reached skill level 1 in Stealth
  1261 | D:3      | Reached XP level 4. HP: 7/34 MP: 4/4
  1261 | D:3      | Reached XP level 5. HP: 8/39 MP: 5/5
  1614 | D:3      | Reached skill level 5 in Dodging
  1636 | D:3      | Reached skill level 7 in Polearms
  1636 | D:3      | Reached skill level 1 in Armour
  1636 | D:3      | Reached XP level 6. HP: 45/46 MP: 6/6
  1752 | D:3      | Noticed a hungry ghost
  2078 | D:3      | Noticed Terence
  2096 | D:3      | Killed Terence
  2149 | D:3      | Killed a hungry ghost
  2539 | D:4      | Reached skill level 1 in Maces & Flails
  2539 | D:4      | Reached skill level 8 in Polearms
  2539 | D:4      | Reached XP level 7. HP: 33/52 MP: 7/7
  2627 | D:4      | Found a glowing drain.
  2637 | Sewer    | Entered a sewer
  3407 | D:4      | Noticed Eustachio
  3407 | D:4      | Noticed Grinder
  3419 | D:4      | Paralysed by Grinder for 3 turns
  3457 | D:4      | Killed Eustachio
  3457 | D:4      | Reached XP level 8. HP: 38/61 MP: 8/8
  3459 | D:4      | Paralysed by Grinder for 3 turns
  3479 | D:4      | Paralysed by Grinder for 4 turns
  3495 | D:4      | Killed Grinder
  3495 | D:4      | Reached skill level 1 in Shields
  3951 | D:4      | Reached skill level 1 in Short Blades
  4188 | D:4      | Gained mutation: You have sharp fingernails. [potion of mutation]
  4188 | D:4      | Gained mutation: Armour fits poorly on your strangely shaped body. [potion of mutation]
  4188 | D:4      | Gained mutation: Your spells are a little harder to cast, but a little more powerful. [potion of mutation]
  4188 | D:4      | Gained mutation: You are partially covered in thin metallic scales. (AC +2) [potion of mutation]
  4209 | D:5      | Entered Level 5 of the Dungeon
  4213 | D:5      | Reached skill level 5 in Fighting
  4245 | D:5      | Noticed Blork the orc
  4275 | D:5      | Killed Blork the orc
  4395 | D:5      | Found a burning altar of Makhleb.
  4419 | D:5      | Reached XP level 9. HP: 67/68 MP: 9/9
  4485 | D:5      | Found a staircase to the Ecumenical Temple.
  4514 | D:5      | Reached skill level 5 in Maces & Flails
  4533 | Temple   | Entered the Ecumenical Temple
  4700 | Temple   | Fell from the grace of Gozag
  4700 | Temple   | Became a worshipper of Dithmenos the Shadowed
  5041 | D:6      | Found a sand-covered staircase.
  5051 | Ossuary  | Entered an ossuary
  5097 | Ossuary  | Reached * piety under Dithmenos
  5562 | D:6      | HP: 1/68 [ogre/giant spiked club (31)]
  5571 | D:6      | Annihilated by an ogre

Skill      XL: |  1  2  3  4  5  6  7  8  9 |
---------------+----------------------------+-----
Polearms       | 5 6 7 8 |  8.0
Stealth        | 1 2 3 |  3.1
Dodging        | 5 6 |  6.4
Armour         | 1 2 3 |  3.3
Fighting       | 3 4 5 |  5.5
Maces & Flails | 1 3 4 5 |  5.6
Shields        | 2 3 |  3.4
Short Blades   | 1 |  1.2
Throwing       | |  2.2

Action                   |  1- 3 |  4- 6 |  7- 9 || total
-------------------------+-------+-------+-------++-------
Melee: Trident           |   118 |    87 |       ||   205
       Flail             |       |    33 |   453 ||   486
       Tailslap          |       |       |     7 ||     7
       Rapier            |       |       |     3 ||     3
Throw: Throwing net      |     3 |       |       ||     3
Invok: Potion Petition   |     1 |       |     1 ||     2
  Use: Scroll            |     7 |     4 |     7 ||    18
       Potion            |     1 |     1 |     1 ||     3
 Stab: Sleeping          |     2 |       |       ||     2
       Held in net/web   |     1 |       |       ||     1
       Distracted        |       |     2 |     2 ||     4
       Invisible         |       |       |     3 ||     3
  Eat: Bread ration      |     1 |     1 |     3 ||     5
Armor: Leather armour    |    17 |     7 |       ||    24
       Skin              |     3 |       |       ||     3
       Chain mail        |       |    21 |   333 ||   354
Dodge: Dodged            |    57 |    64 |   318 ||   439
Block: Buckler           |       |       |   183 ||   183
